 Dungeon Crawl Stone Soup version 0.29-a0-553-g81b289d (webtiles) character file.

Game seed: 13439281648973640431

790 Illumine the Caller (level 7, -6/55 HPs)
             Began as a Demigod Summoner on June 6, 2022.
             Mangled by an iguana (13 damage)
             ... on level 5 of the Dungeon.
             The game lasted 00:12:38 (5359 turns).

Illumine the Caller (Demigod Summoner)              Turns: 5359, Time: 00:12:38

Health: -6/55      AC:  2    Str: 15    XL:     7   Next: 31%
Magic:  13/16      EV: 12    Int: 25    God:
Gold:   126        SH:  0    Dex: 14    Spells: 1/14 levels left

rFire   . . .      SeeInvis .   o - +2 whip (elec)
rCold   . . .      Faith    .   (no shield)
rNeg    . . .      Spirit   .   a - +0 robe
rPois   .          Reflect  .   (no helmet)
rElec   .          Harm     .   D - scarf {repulsion}
rCorr   .          Rampage  .   (no gloves)
Will    .....                   (no boots)
Stlth   ++........              (no amulet)
HPRegen 0.18/turn               h - +6 ring of strength
MPRegen 0.15/turn               (no ring)

@: lethally poisoned (-6 -> -10), studying Dodging, repel missiles
A: high MP 1, forlorn, divine attributes
a: no special abilities


You were on level 5 of the Dungeon.
You visited 1 branch of the dungeon, and saw 5 of its levels.

You collected 126 gold pieces.

Inventory:

Hand Weapons
 e - a +0 dagger
 o - a +2 whip of electrocution (weapon)
Missiles
 g - 3 atropa-tipped darts
Armour
 a - a +0 robe (worn)
 q - an orb of guile
 x - a +1 scale mail of positive energy
 D - a scarf of repulsion (worn)
Jewellery
 h - a +6 ring of strength (left hand)
Wands
 y - a wand of iceblast (4)
Scrolls
 c - a scroll of poison {unknown}
 d - a scroll of torment {unknown}
 f - 2 scrolls of fog
 i - a scroll of magic mapping {unknown}
 k - 2 scrolls of enchant weapon
 l - 3 scrolls of immolation
 p - 2 scrolls of teleportation
 r - a scroll of summoning {unknown}
 u - a scroll of silence
 v - a scroll of brand weapon {unknown}
 w - a scroll of enchant armour {unknown}
 C - 2 scrolls of identify {unknown}
Potions
 b - a potion of magic
 j - 2 potions of heal wounds
 m - a potion of degeneration {unknown}
 n - a potion of haste {unknown}
 s - a potion of attraction {unknown}
 t - a potion of lignification {unknown}
 z - a potion of might {unknown}
 A - a potion of ambrosia {unknown}
 B - 2 potions of mutation {unknown}


   Skills:
 + Level 2.1 Fighting
 - Level 2.2 Armour
 + Level 2.3 Dodging
 - Level 1.7 Stealth
 + Level 4.2 Spellcasting
 - Level 2.0 Hexes
 + Level 5.7 Summonings
 * Level 1.2 Air Magic


You had one spell level left.
You knew the following spells:

 Your Spells              Type           Power      Damage    Failure   Level
a - Summon Small Mammal   Summ           100%       N/A       1%          1
b - Call Imp              Summ           33%        N/A       1%          2
c - Call Canine Familiar  Summ           33%        N/A       2%          3
d - Summon Guardian Gole  Hex/Summ       24%        N/A       5%          3
e - Summon Lightning Spi  Summ/Air       22%        N/A       22%         4

Your spell library contained the following spells:

 Spells                   Type           Power      Damage    Failure   Level


Dungeon Overview and Level Annotations

Branches:
Dungeon (5/15)
 Temple: D:4-7

Shops:
D:3 (

Portals:
Abyss: D:3

Annotations:
D:3 2 transporters, SuisLittleHoshiymin's ghost, amateur OgFi
D:5 Eustachio


Innate Abilities, Weirdness & Mutations

You have an increased reservoir of magic. (+10% MP)
You shall have no god before yourself.
Your divine heritage dramatically boosts your attributes as you level up.


Message History

The puff of frost is repelled.
The adder bites you.
You are more poisoned.
The adder poisons you!
Your hound barely misses the white imp.
You hit the adder.
The adder is almost dead.
You feel sick. The white imp gestures at you. The puff of frost hits you!
The adder barely misses you.
Your hound barely misses the white imp.
You closely miss the adder.
The adder is almost dead.
You feel sick.
Your hound closely misses the white imp.
The adder bites you but does no damage.
The white imp shouts, "Escape, thou mammering sow-suckled pimple!"
Your hound bites the white imp but does no damage.
The adder bites you but does no damage.
You hit the adder.
The adder is almost dead.
You feel sick.
Your hound bites the white imp.
The white imp picks up a beetle and eats it.
The adder bites you.
You are more poisoned.
The adder poisons you!
You hit the adder. Lightning courses through the adder!
You kill the adder!
You feel sick. The white imp gestures at you. The puff of frost hits you!
The iguana closely misses you.
Your hound bites the white imp.
The white imp gestures at you.
The puff of frost is repelled.
The iguana bites you!
* * * LOW HITPOINT WARNING * * *
You feel sick.
There is a stone staircase leading up here.
Casting: Call Canine Familiar (dangerous; 2% risk of failure)
Confirm with . or Enter, or press ? or * to list all spells.
A beastly little devil appears in a puff of flame.
You feel sick. The iguana bites you!
You die...

# .# . .###..
####......
#.......$.
#####......#..
#...@l........
.....###h...###..
### #..5###
.5.5.# ..h>..#
.(......#
........#
.........


You could see an iguana (ally target), a white imp, a friendly hound (summoned)
and a friendly crimson imp (summoned).

Vanquished Creatures
  A phantom (D:4)
  A hound (D:4)
  An adder (D:5)
  2 worms (D:2)
  3 endoplasms
  A giant cockroach (D:3)
  A goblin (D:2)
  3 hobgoblins
  A jackal (D:4)
  2 quokkas
  4 ball pythons
  2 bats (D:1)
  A frilled lizard (D:3)
  A kobold (D:2)
  5 rats
29 creatures vanquished.

Vanquished Creatures (collateral kills)
  2 scorpions
  A gnoll shaman (D:4)
  Ijyb (D:4)
  Terence (D:3)
  An orc wizard (D:4)
  6 adders
  5 gnolls
  3 worms
  9 orcs (D:4)
  2 ball pythons (D:4)
  3 bats
  4 endoplasms
  3 giant cockroaches
  3 hobgoblins (D:4)
  A jackal (D:4)
  2 quokkas (D:1)
  2 frilled lizards (D:3)
  5 goblins
  4 kobolds
58 creatures vanquished.

Vanquished Creatures (others)
  2 ogres (D:4)
  A gnoll sergeant (D:4)
  An iguana (D:5)
  A gnoll (D:4)
  An orc (D:4)
6 creatures vanquished.

Grand Total: 93 creatures vanquished

Notes
Turn   | Place    | Note
-------+----------+-------------------------------------------
     0 | D:1      | Illumine the Demigod Summoner began the quest for the Orb.
     0 | D:1      | Reached XP level 1. HP: 14/14 MP: 5/5
   793 | D:1      | Reached XP level 2. HP: 16/20 MP: 4/7
   796 | D:1      | Learned a level 2 spell: Call Imp
  1172 | D:1      | Reached skill level 4 in Summonings
  1447 | D:2      | Reached XP level 3. HP: 18/26 MP: 5/9
  2354 | D:3      | Learned a level 3 spell: Call Canine Familiar
  2518 | D:3      | Noticed Terence
  2518 | D:3      | Noticed a scorpion
  2606 | D:3      | Found a one-way gate to the infinite horrors of the Abyss.
  2606 | D:3      | Noticed SuisLittleHoshiymin's ghost (amateur OgFi)
  2655 | D:3      | Reached XP level 4. HP: 14/33 MP: 5/11
  2981 | D:3      | Found Ycoptyi's Weapon Emporium.
  3004 | D:3      | Killed Terence
  3016 | D:3      | Reached XP level 5. HP: 23/38 MP: 4/13
  3147 | D:3      | Found a transporter.
  3153 | D:3      | Found a transporter.
  3255 | D:3      | Reached skill level 5 in Summonings
  3572 | D:4      | Learned a level 3 spell: Summon Guardian Golem
  3735 | D:4      | Reached skill level 1 in Armour
  3932 | D:4      | Reached XP level 6. HP: 32/46 MP: 5/14
  3934 | D:4      | Reached skill level 1 in Fighting
  3934 | D:4      | Reached skill level 1 in Hexes
  4218 | D:4      | Reached XP level 7. HP: 53/53 MP: 9/16
  4259 | D:4      | Learned a level 4 spell: Summon Lightning Spire
  4380 | D:4      | Noticed Ijyb
  4400 | D:4      | Killed Ijyb
  5136 | D:5      | Entered Level 5 of the Dungeon
  5180 | D:4      | Reached skill level 1 in Air Magic
  5271 | D:5      | Noticed Eustachio
  5359 | D:5      | Mangled by an iguana

Illustrated notes

Levels and vault maps discovered:
D:1:      evilmike_arrival_crescent, layout_loops_ring, minmay_liquid_box
D:2:      layout_basic
D:3:      layout_basic, hangedman_ru_absence,
          mainiacjoe_overflow_surrounded_room, basic_ecumenical_altar,
          serial_shops, shop, gammafunk_ghost_abyssal_escape, uniq_terence
D:4:      layout_basic, hangedman_decor_points, minmay_manual_mess, uniq_ijyb
D:5:      layout_rooms, serial_shops, nicolae_stop_n_shop_1,
          hangedman_feature_mirror, uniq_eustachio

Skill      XL: |  1  2  3  4  5  6  7 |
---------------+----------------------+-----
Spellcasting   | 2 3 4 |  4.2
Summonings     | 4 5 |  5.7
Armour         | 1 2 |  2.2
Fighting       | 1 2 |  2.1
Hexes          | 1 2 |  2.0
Dodging        | 2 |  2.3
Air Magic      | 1 |  1.2
Stealth        | |  1.7

Action                   |  1- 3 |  4- 6 |  7- 9 || total
-------------------------+-------+-------+-------++-------
Melee: Dagger            |    14 |       |       ||    14
       Unarmed           |     8 |       |       ||     8
       Whip              |    43 |    23 |    11 ||    77
 Cast: Summon Small Mamm |    24 |     9 |     5 ||    38
       Call Imp          |    19 |    13 |     7 ||    39
       Call Canine Famil |     1 |     9 |     8 ||    18
       Summon Guardian G |       |     7 |     5 ||    12
  Use: Potion            |     1 |       |       ||     1
       Scroll            |       |     4 |     1 ||     5
 Stab: Distracted        |     1 |       |       ||     1
       Sleeping          |     2 |     2 |       ||     4
Armor: Robe              |    15 |     8 |     3 ||    26
Dodge: Dodged            |    62 |    23 |    14 ||    99
       Repelled          |       |       |     3 ||     3

Table legend: (Time is in decaauts)
 A = Elapsed time spent in this place.
 B = Non-inter-level travel time spent in this place.
 C = Inter-level travel time spent in this place.
 D = Time resting spent in this place.
 E = Time spent auto-exploring this place.
 F = Levels seen in this place.
 G = Mean time per level.
                   A        B        C        D        E       F      G
               +--------+--------+--------+--------+--------+-----+--------+
         Total |   5369 |   5204 |    165 |    831 |   3244 |   5 | 1073.8 |
       Dungeon |   5369 |   5204 |    165 |    831 |   3244 |   5 | 1073.8 |
               +--------+--------+--------+--------+--------+-----+--------+

Top non-repeatable levels by time:
     D:4: 1733 daAuts
     D:1: 1266 daAuts
     D:3: 1242 daAuts
     D:2: 1068 daAuts
     D:5: 58 daAuts
